 Dungeon Crawl Stone Soup version 0.20-a0-1116-gaa52201 (webtiles) character file.

134 grindst0ne the Skirmisher (level 4, -9/39 HPs)
             Began as a Demonspawn Gladiator on May 7, 2017.
             Mangled by an orc
             ... wielding a +0 dagger of electrocution
              (13 damage)
             ... on level 3 of the Dungeon.
             The game lasted 00:06:23 (2585 turns).

grindst0ne the Skirmisher (Demonspawn Gladiator)    Turns: 2585, Time: 00:06:25

Health: -9/39      AC: 10    Str: 15    XL:     4   Next: 95%
Magic:  4/4        EV:  7    Int: 10    God:
Gold:   136        SH:  0    Dex: 16    Spells: 3/3 levels left

rFire    . . .     SeeInvis +   a - +0 quarterstaff
rCold    . . .     Gourm    .   (shield currently unavailable)
rNeg     . . .     Faith    .   t - +0 chain mail
rPois    .         Spirit   .   c - +0 helmet
rElec    .         Reflect  .   (no cloak)
rCorr    .         Harm     .   (no gloves)
MR       .....                  (no boots)
Stlth    ..........             (no amulet)
Regen    0.2/turn               l - +1 ring of protection
MPRegen  0.1/turn               s - +2 ring of dexterity

@: no status effects
A: talons 1, see invisible, nightstalker 2, sense surroundings 1
a: no special abilities


You were on level 3 of the Dungeon.
You were not hungry.

You visited 1 branch of the dungeon, and saw 3 of its levels.

You collected 136 gold pieces.

Inventory:

Hand Weapons
 a - a +0 quarterstaff (weapon)
Missiles
 d - 3 throwing nets (quivered)
 p - 5 javelins
Armour
 b - a +0 leather armour
 c - a +0 helmet (worn)
 t - a +0 chain mail (worn)
Jewellery
 l - a +1 ring of protection (left hand)
 s - a +2 ring of dexterity (right hand)
Scrolls
 e - a scroll of teleportation
 m - 3 scrolls of random uselessness
 r - a scroll of remove curse
 u - a scroll of immolation
Potions
 g - a potion of might {unknown}
 j - a potion of resistance
 k - a potion of magic {unknown}
 n - 3 potions of brilliance {unknown}
 o - a potion of heal wounds {unknown}
Comestibles
 f - 2 bread rations
 h - a royal jelly
 i - 6 chunks of flesh


   Skills:
 + Level 5.0 Fighting
 - Level 2.8 Staves
 - Level 1.8 Throwing
 - Level 2.7 Dodging


You had 3 spell levels left.
You didn't know any spells.

Dungeon Overview and Level Annotations

Branches:
Dungeon (3/15)

Altars:

Annotations:
D:3 Grinder


Innate Abilities, Weirdness & Mutations

You have sharp toenails.
You are significantly more attuned to the shadows.
You have supernaturally acute eyesight. (SInv)
You passively map a small area around you.


Message History

The orc wizard is severely wounded.
The orc wizard closely misses you.
The orc throws a tomahawk.
The tomahawk hits the orc wizard.
The orc wizard dies!
Your Fighting skill increases to level 5!
The orc hits you but does no damage. x2; You are electrocuted!
Items here: ( ))) [[[ †† You closely miss the orc.
Your kick misses the orc.
The orc hits you but does no damage. x2; You are electrocuted!
* * * LOW HITPOINT WARNING * * *
You closely miss the orc. You claw the orc.
The orc is lightly wounded.
The orc hits you but does no damage. The orc completely misses you.
You sock the orc!
You kill the orc!
The orc completely misses you.
Your chain mail prevents you from hitting the orc.
The orc is lightly wounded.
The orc hits you but does no damage.
You are electrocuted!
You die...

* * * , , , * ,*
##* # , ,.##.# ,
##..... , * ,
#o).... , *, *#@#
, , , *, #(# *, ,
#.# * * ** * *
*#.# ,, #..##.# ,
, #..##.# .#* , *
* #####..##.##.# ,
#...#..##.##.# * *
.####...#..##.##.#
,


You could see an orc.

Vanquished Creatures
  An orc wizard (D:3)
  Robin (D:3)
  An adder (D:2)
  2 oozes (D:1)
  2 orcs (D:3)
  4 giant cockroaches
  13 goblins
  8 hobgoblins
  7 jackals
  A quokka (D:2)
  3 bats
  5 kobolds
  3 rats
51 creatures vanquished.

Vanquished Creatures (others)
  An orc wizard (D:3)
1 creature vanquished.

Grand Total: 52 creatures vanquished

Notes
Turn   | Place    | Note
-------+----------+-------------------------------------------
     0 | D:1      | grindst0ne the Demonspawn Gladiator began the quest for the Orb.
     0 | D:1      | Reached XP level 1. HP: 16/16 MP: 1/1
   260 | D:1      | Gained mutation: You have sharp toenails. [demonic ancestry]
   260 | D:1      | Reached XP level 2. HP: 10/23 MP: 2/2
   425 | D:1      | Reached skill level 3 in Fighting
   951 | D:1      | Gained mutation: You are slightly more attuned to the shadows. [demonic ancestry]
   951 | D:1      | Reached XP level 3. HP: 29/29 MP: 3/3
  1771 | D:3      | Noticed Robin
  2058 | D:3      | Killed Robin
  2058 | D:3      | Reached skill level 4 in Fighting
  2058 | D:3      | Gained mutation: You are significantly more attuned to the shadows. [demonic ancestry]
  2058 | D:3      | Reached XP level 4. HP: 19/37 MP: 4/4
  2332 | D:3      | Noticed Grinder
  2431 | D:2      | Gained mutation: You passively map a small area around you. [potion of mutation]
  2431 | D:2      | Gained mutation: You have supernaturally acute eyesight. (SInv) [potion of mutation]
  2580 | D:3      | Reached skill level 5 in Fighting
  2585 | D:3      | Mangled by an orc

Vault maps used:
D:1:      dpeg_arrival_central, hangedman_decor_push
D:2:      grunt_decor_cap, minivault_25, minmay_misc_feat_more_columns,
          hangedman_decor_opposing
D:3:      first_bread, minmay_shallow_snake_nest, uniq_sigmund, uniq_natasha,
          uniq_robin, uniq_grinder

Skill      XL: |  1  2  3  4 |
---------------+-------------+-----
Fighting       | 3 4 5 |  5.0
Staves         | |  2.8
Throwing       | |  1.8
Dodging        | |  2.7

Action                   |  1- 3 |  4- 6 || total
-------------------------+-------+-------++-------
Melee: Quarterstaff      |   123 |    41 ||   164
       Kick              |    26 |    15 ||    41
  Use: Scroll            |       |     7 ||     7
       Potion            |       |     1 ||     1
 Stab: Sleeping          |     1 |       ||     1
  Eat: Chunk             |     4 |     1 ||     5
Armor: Leather armour    |    29 |       ||    29
       Chain mail        |    72 |    49 ||   121
Dodge: Dodged            |    75 |    24 ||    99
